 Dungeon Crawl Stone Soup version 0.28-a0-1389-gc726bef33b (webtiles) character file.

Game seed: 14920443324413972056

283 porpoise the Skirmisher (level 6, -2/48 HPs)
             Began as a Demonspawn Warper on Jan 4, 2022.
             Slain by Duvessa (4 damage)
             ... on level 4 of the Dungeon.
             The game lasted 00:14:00 (4947 turns).

porpoise the Skirmisher (Demonspawn Warper)         Turns: 4947, Time: 00:14:02

Health: -2/48      AC:  8    Str: 11 (13) XL:     6   Next: 7%
Magic:  9/9        EV: 10    Int: 12 (14) God:
Gold:   107        SH:  4    Dex: 11 (13) Spells: 4/9 levels left

rFire   . . .      SeeInvis .   a - +0 long sword
rCold   . . .      Faith    .   (no shield)
rNeg    . . .      Spirit   .   i - +0 ring mail
rPois   .          Reflect  .   (helmet restricted)
rElec   .          Harm     .   (no cloak)
rCorr   .          Rampage  .   g - +2 pair of gloves
Will    .....                   (no boots)
Stlth   +.........              (no amulet)
HPRegen 0.16/turn               (no ring)
MPRegen 0.22/turn               (no ring)

@: lethally poisoned (-2 -> -12)
A: horns 1, large bone plates 1, magic regeneration
a: no special abilities


You were on level 4 of the Dungeon.
You visited 1 branch of the dungeon, and saw 4 of its levels.

You collected 107 gold pieces.

Inventory:

Hand Weapons
 a - a +0 long sword (weapon)
Missiles
 b - 12 poisoned darts (quivered)
 d - 3 boomerangs of dispersal
 e - 79 stones
 q - 16 arrows
Armour
 g - a +2 pair of gloves (worn)
 i - a +0 ring mail (worn)
 k - a +0 buckler
 p - the +8 plate armour of the Wasteland {rElec Dex+6}
   (You found it on level 3 of the Dungeon)

   Dex:       It affects your dexterity (+6).
   rElec:     It insulates you from electricity.
Jewellery
 f - a ring of wizardry
 n - a ring of poison resistance
Scrolls
 c - a scroll of blinking
 o - a scroll of noise {unknown}
 r - a scroll of identify {unknown}
Potions
 l - a potion of curing {unknown}
 m - a potion of haste {unknown}


   Skills:
 * Level 4.2 Fighting
 * Level 3.9 Long Blades
 - Level 0.8 Throwing
 - Level 0.8 Armour
 - Level 1.7 Dodging
 + Level 2.3 Stealth
 - Level 2.0 Spellcasting
 - Level 2.6 Translocations


You had 4 spell levels left.
You knew the following spells:

 Your Spells              Type           Power      Damage    Failure   Level
b - Lesser Beckoning      Tloc           7%         N/A       54%         3
k - Blink                 Tloc           14%        N/A       32%         2

Your spell library contained the following spells:

 Spells                   Type           Power      Damage    Failure   Level
 Gell's Gravitas          Tloc           7%         N/A       54%         3
 Teleport Other           Tloc           7%         N/A       54%         3
 Manifold Assault         Tloc           7%         N/A       99%         5


Dungeon Overview and Level Annotations

Branches:
Dungeon (4/15)
 Temple: D:4-7

Altars:
Ru
Yredelemnul

Shops:
D:1 [

Annotations:
D:4 Dowan, Duvessa


Innate Abilities, Weirdness & Mutations

You have a pair of small horns on your head.
You are partially covered in large bone plates. (SH +4)
You regenerate magic rapidly.


Message History

Duvessa is heavily wounded.
You feel very sick. Duvessa hits you but does no damage.
Dowan hits you with a +2 dagger of venom.
You are more poisoned.
Duvessa hits you but does no damage.
It was a potion of degeneration.
There was something very wrong with that liquid.
You feel weakened.
You feel dopey.
You feel clumsy.
You feel very sick.
Dowan gestures wildly while chanting.
Dowan blinks!
It was a potion of heal wounds.
You feel much better.
You feel very sick.
Dowan gestures at Duvessa while chanting.
Duvessa seems to speed up.
You hit Duvessa.
Duvessa is heavily wounded.
You feel very sick.
Duvessa looks more healthy.
Duvessa barely misses you. Duvessa hits you with a +0 short sword.
You closely miss Duvessa.
Duvessa is heavily wounded.
You feel sick. Duvessa hits you with a +0 short sword.
Dowan gestures at you while chanting. The puff of frost hits you!
Duvessa hits you with a +0 short sword!
* * * LOW HITPOINT WARNING * * *
You barely miss Duvessa.
Duvessa is heavily wounded.
You feel sick. Duvessa hits you with a +0 short sword.
* * * LOW HITPOINT WARNING * * *
Dowan closely misses you. You block Duvessa's attack.
Dowan hits you but does no damage.
You are lethally poisoned!
You barely miss Duvessa.
Duvessa is heavily wounded.
* * * LOW HITPOINT WARNING * * *
You feel very sick. You block Duvessa's attack. Dowan completely misses you.
Duvessa hits you with a +0 short sword.
You die...

#............####.#......#
##..........## #......<.#
#.....##...## ###......#
#.#..#########...........#
# ##.)..........###.....<#
#.###.#.###..# #......#
#......# #.#.# #......#
.....##.# #.#e###(.#
#......# ##.# #..
..#@e.((# ######## .. ..#
#######(# ... ..# #..#


You could see Duvessa (fast) and Dowan.

Vanquished Creatures
  An orc priest (D:3)
  Natasha (thrice) (D:2)
  An orc wizard (D:3)
  4 gnolls (D:2)
  3 adders (D:2)
  4 dart slugs
  A worm (D:2)
  An orc (D:3)
  8 endoplasms
  3 giant cockroaches (D:2)
  11 goblins
  10 hobgoblins
  4 jackals (D:3)
  4 kobolds
  3 quokkas (D:1)
  6 ball pythons
  5 bats
  5 frilled lizards
  4 rats
81 creatures vanquished.

Notes
Turn   | Place    | Note
-------+----------+-------------------------------------------
     0 | D:1      | porpoise the Demonspawn Warper began the quest for the Orb.
     0 | D:1      | Reached XP level 1. HP: 16/16 MP: 3/3
   568 | D:1      | Found a faded altar of an unknown god.
   569 | D:1      | Noticed a floating eye
   572 | D:1      | Noticed a golden eye
   572 | D:1      | Noticed a great orb of eyes
   572 | D:1      | Noticed a great orb of eyes
   748 | D:1      | Gained mutation: You have a pair of small horns on your
                  | head. [demonic ancestry]
   748 | D:1      | Reached XP level 2. HP: 21/23 MP: 5/5
   810 | D:1      | Found Keseryig's Armour Shoppe.
  1440 | D:1      | Reached skill level 1 in Stealth
  1440 | D:1      | Reached XP level 3. HP: 28/28 MP: 6/6
  2539 | D:2      | Noticed Natasha
  2542 | D:2      | Killed Natasha
  2543 | D:2      | Reached skill level 3 in Fighting
  2543 | D:2      | Gained mutation: You regenerate magic rapidly. [demonic
                  | ancestry]
  2543 | D:2      | Reached XP level 4. HP: 29/35 MP: 7/7
  3048 | D:2      | Noticed Natasha
  3056 | D:2      | Killed Natasha
  3182 | D:2      | Noticed Natasha
  3188 | D:2      | Killed Natasha
  3189 | D:2      | Gained mutation: You are partially covered in large bone
                  | plates. (SH +4) [demonic ancestry]
  3189 | D:2      | Reached XP level 5. HP: 32/41 MP: 8/8
  4059 | D:3      | Reached skill level 4 in Fighting
  4140 | D:3      | Reached XP level 6. HP: 19/48 MP: 9/9
  4321 | D:3      | Found a basalt altar of Yredelemnul.
  4339 | D:3      | Found a sacrificial altar of Ru.
  4569 | D:3      | Learned a level 2 spell: Blink
  4573 | D:3      | Learned a level 3 spell: Lesser Beckoning
  4602 | D:3      | Identified the +8 plate armour of the Wasteland {rElec
                  | Dex+6}
  4932 | D:4      | Noticed Duvessa
  4933 | D:4      | Noticed Dowan
  4947 | D:4      | HP: 2/48 [poisoned by Dowan]
  4947 | D:4      | Slain by Duvessa

Illustrated notes

Levels and vault maps discovered:
D:1:      lightli_iron_boxes, layout_basic,
          hellmonk_ecumenical_altar_watching_god, serial_shops,
          nicolae_shop_window_shopping, amcnicky_mini_corridor_feature
D:2:      layout_loops_ring, uniq_natasha
D:3:      layout_basic, mainiacjoe_overflow_big_doors, guppyfry_early_lair_pool
D:4:      layout_rooms, mainiacjoe_overflow_alcove_4, minmay_temple_entry_hall,
          minivault_5, minmay_misc_feat_cross, uniq_duvessa, uniq_eustachio

Skill      XL: |  1  2  3  4  5 |
---------------+----------------+-----
Long Blades    | 2 3 |  3.9
Stealth        | 1 2 |  2.3
Fighting       | 3 4 |  4.2
Throwing       | |  0.8
Armour         | |  0.8
Dodging        | |  1.7
Spellcasting   | |  2.0
Translocations | |  2.6

Action                   |  1- 3 |  4- 6 || total
-------------------------+-------+-------++-------
Melee: Long sword        |   137 |   104 ||   241
       Falchion          |     5 |       ||     5
       Headbutt          |    10 |    15 ||    25
Throw: Boomerang         |     2 |       ||     2
       Stone             |     8 |     3 ||    11
       Dart              |       |    26 ||    26
  Use: Potion            |       |     2 ||     2
       Scroll            |       |     1 ||     1
 Stab: Sleeping          |       |     4 ||     4
Armor: Leather armour    |    43 |       ||    43
       Ring mail         |    20 |    44 ||    64
       Plate armour      |       |     1 ||     1
Dodge: Dodged            |    73 |    44 ||   117
Block: Other             |       |    16 ||    16

Table legend: (Time is in decaauts)
 A = Elapsed time spent in this place.
 B = Non-inter-level travel time spent in this place.
 C = Inter-level travel time spent in this place.
 D = Time resting spent in this place.
 E = Time spent auto-exploring this place.
 F = Levels seen in this place.
 G = Mean time per level.
                   A        B        C        D        E       F      G
               +--------+--------+--------+--------+--------+-----+--------+
         Total |   5020 |   4855 |    165 |   2387 |   1602 |   4 | 1255.0 |
       Dungeon |   5020 |   4855 |    165 |   2387 |   1602 |   4 | 1255.0 |
               +--------+--------+--------+--------+--------+-----+--------+

Top non-repeatable levels by time:
     D:1: 2161 daAuts
     D:2: 1956 daAuts
     D:3: 837 daAuts
     D:4: 65 daAuts
